Ducks vs Red Wings

Created - 28 décembre 2021 at 08:51

Goals
1 2 3 T
Ducks 0 2 1 3
Red Wings 0 1 0 1
Shots
1 2 3 T
Ducks 5 15 13 33
Red Wings 11 5 9 25

GoalsPenalties
1st period
No Goal
Mikhail Sergachev (ANA) for Tripping (Minor) at 0:58
Joel Eriksson Ek (ANA) for Tripping (Minor) at 8:34
2nd period
1. Ducks , Mikhail Sergachev 5 (Roope Hintz 21, John Marino 7) at 0:14
2. Red Wings , Gustav Nyquist 3 (Sean Couturier 19, Sean Walker 13) at 8:02 (PP)
3. Ducks , Ondrej Palat 13 (Lars Eller 6, John Marino 8) at 10:01
Ondrej Palat (ANA) for Hooking (Minor) at 7:15
Dustin Brown (DET) for Holding (Minor) at 12:46
3rd period
4. Ducks , John Marino 4 (Roope Hintz 22, Jean-Gabriel Pageau 17) at 12:26
Mikhail Sergachev (ANA) for Hooking (Minor) at 0:49
Miles Wood (DET) for Roughing (Minor) at 4:27
Goalie Stats
Tristan Jarry (ANA), 24 saves from 25 shots - (0,960), W, 16-15-0, 60:00 minutes
Vitek Vanecek (DET), 30 saves from 33 shots - (0,909), L, 6-8-0, 60:00 minutes
3 StarsOfficial
1 - John Marino (ANA)
2 - Roope Hintz (ANA)
3 - Mikhail Sergachev (ANA)
Referees : Rob Martell and Mike Leggo
Linesman : Devin Berg and Greg Devorski
Game Note
No Game Note
Finance
Level 1 -- Attendance: 5000 (100,00%) -- Ticket Income 375 000 $
Level 2 -- Attendance: 4000 (100,00%) -- Ticket Income 152 000 $
Level 3 -- Attendance: 2867 (95,57%) -- Ticket Income 77 409 $
Level 4 -- Attendance: 4000 (100,00%) -- Ticket Income 56 000 $
Luxury Box -- Attendance: 1000 (100,00%) -- Ticket Income 140 000 $
Game was played at the Little Caesars Arena.
Total Attendance: 16867 (99,22%)
Total Ticket Income: 800 409 $
Other Income: 392 200 $
Total Income: 1 192 609 $



Team Name Goals Shots Shots Attemp Shots Blocked PIM HIT PP PK FO%
Ducks 3337198180 / 2 (0%)155%
Red Wings 1255984311 / 4 (25%)045%

Ducks
Player Name POS G A P +/- PIM HIT SHT SB MP PP MP PP SHT PK MP PK SHT FO% FOT
Chris TierneyC000000008:250:0003:16033% 3
Damon SeversonD0000012020:441:4713:2600% 0
Eeli TolvanenLW/RW0000013011:540:0000:000100% 1
Evgeni MalkinC0001000016:511:5300:00025% 4
Jan RuttaD0000010217:110:0003:2600% 0
Jean-Gabriel PageauC0112022023:042:0503:42063% 30
Jeremy LauzonD0000021117:030:0003:1800% 0
Joel Eriksson EkC/LW/RW0000202114:180:0002:25150% 14
John MarinoD1233012022:571:4713:1800% 0
Kirill KaprizovLW0002003019:222:0510:000100% 1
Lars EllerC0111013118:260:0003:28057% 23
Mikhail SergachevD1013433122:112:1110:0000% 0
Ondrej PalatLW1011234016:501:5300:0000% 1
Roope HintzC/LW0222004119:222:0500:0000% 1
Thomas ChabotD0000011219:522:1100:0000% 0
Travis KonecnyRW0000013013:471:5310:00050% 2
Zach Aston-ReeseC/LW/RW000001005:460:0000:3700% 0
Zemgus GirgensonsC/LW/RW000000005:090:0000:0000% 0
Red Wings
Player Name POS G A P +/- PIM HIT SHT SB MP PP MP PP SHT PK MP PK SHT FO% FOT
Conor GarlandLW/RW0000011016:193:1500:000100% 1
Danny DeKeyserD000-2020214:470:0002:2800% 0
Darnell NurseD0000044123:223:0841:1400% 0
Derick BrassardC/RW000-2011113:470:0000:25036% 11
Drake CaggiulaC/LW/RW0000002011:100:0000:4100% 1
Dustin BrownRW000-2221013:210:0000:0000% 0
Gustav NyquistC/LW/RW1010013016:193:1510:0000% 2
Jack JohnsonD0000010319:330:0001:2100% 0
Jakob ChychrunD000-1000021:323:0800:2500% 0
Max DomiC/LW000-1012115:523:2910:00028% 18
Miles WoodLW000-1240013:560:0001:34050% 2
Nino NiederreiterLW/RW000-1032017:103:2901:18050% 2
Oliver Ekman-LarssonD000-1040023:543:3602:2800% 0
Ondrej KaseLW/RW0000002010:540:0000:2500% 0
Sean CouturierC0110006019:113:1512:52061% 28
Sean KuralyC0000010011:100:0000:41047% 15
Sean WalkerD011-2031016:523:3610:0000% 0
Tyler BertuzziLW/RW000-2030016:513:2900:0000% 0

Ducks

5 vs 5 Forward
Line #Left WingCenterRight WingPHYDFOFWanted %Time %Time Play
1Kirill KaprizovJean-Gabriel PageauRoope Hintz0143835%17:17
2Ondrej PalatLars EllerEvgeni Malkin1223330%14:58
3Eeli TolvanenJoel Eriksson EkTravis Konecny1222224%11:54
4Zemgus GirgensonsChris TierneyZach Aston-Reese131710%5:09
5 vs 5 Defense
Line #DefenseDefensePHYDFOFWanted %Time %Time Play
1Mikhail SergachevJohn Marino0414036%17:52
2Thomas ChabotDamon Severson1313331%15:31
3Jeremy LauzonJan Rutta0412728%13:45
4Mikhail SergachevThomas Chabot12204%2:10
Power Play Forward
Line #Left WingCenterRight WingPHYDFOFWanted %Time %Time Play
1Roope HintzJean-Gabriel PageauKirill Kaprizov0055653%2:05
2Ondrej PalatEvgeni MalkinTravis Konecny0054447%1:53
Power Play Defense
Line #DefenseDefensePHYDFOFWanted %Time %Time Play
1Mikhail SergachevThomas Chabot1045455%2:11
2John MarinoDamon Severson0054645%1:47
Penalty Kill 4 Players Forward
Line #CenterWingPHYDFOFWanted %Time %Time Play
1Lars EllerJoel Eriksson Ek1405051%3:28
2Jean-Gabriel PageauChris Tierney1405049%3:16
Penalty Kill 4 Players Defense
Line #DefenseDefensePHYDFOFWanted %Time %Time Play
1John MarinoJeremy Lauzon0505049%3:18
2Damon SeversonJan Rutta0505051%3:26
Penalty Kill 3 Players
Line #WingPHYDFOFWanted %Time %Time PlayDefenseDefensePHYDFOFWanted %Time %Time Play
1Lars Eller140500%0:00 John MarinoJeremy Lauzon050500%0:00
2Jean-Gabriel Pageau050500%0:00 Damon SeversonJan Rutta050500%0:00
4 vs 4 Forward
Line #CenterWingPHYDFOFWanted %Time %Time Play
1Evgeni MalkinKirill Kaprizov122500%0:00
2Jean-Gabriel PageauRoope Hintz122500%0:00
4 vs 4 Defense
Line #DefensePHYDFOFWanted %Time %Time Play
1Mikhail SergachevThomas Chabot122500%0:00
2Damon SeversonJohn Marino122500%0:00
Last Minutes Offensive
Left WingCenterRight WingDefenseDefense
Roope HintzEvgeni MalkinKirill KaprizovMikhail SergachevThomas Chabot
Last Minutes Defensive
Left WingCenterRight WingDefenseDefense
Lars EllerJean-Gabriel PageauJoel Eriksson EkJohn MarinoJeremy Lauzon
Time
Total ForwardTotal DefenseLast Minutes OffensiveLast Minutes Defensive
60:00 60:00 0:000:00
Extra Forwards
Normal PowerPlayPenalty Kill
Roope Hintz, Joel Eriksson Ek, Kirill KaprizovRoope Hintz, Kirill KaprizovJean-Gabriel Pageau
Extra Defensemen
Normal PowerPlayPenalty Kill
Mikhail Sergachev, Jeremy Lauzon, Damon SeversonMikhail Sergachev, Jan RuttaDamon Severson
Penalty Shots
Kirill Kaprizov, Evgeni Malkin, Roope Hintz, Travis Konecny, Eeli Tolvanen
Goalie
Tristan Jarry, Henrik Lundqvist
Custom OT Lines Forwards
Evgeni Malkin, Kirill Kaprizov, Jean-Gabriel Pageau, Roope Hintz, Joel Eriksson Ek, Ondrej Palat, Lars Eller, Travis Konecny, Chris Tierney, Eeli Tolvanen
Custom OT Lines Defensemen
Mikhail Sergachev, Thomas Chabot, John Marino, Jeremy Lauzon, Damon Severson
Scratches
Jacob de la Rose (Healthy), Korbinian Holzer (Healthy), Vince Dunn (Healthy)

Red Wings

5 vs 5 Forward
Line #Left WingCenterRight WingPHYDFOFWanted %Time %Time Play
1Gustav NyquistSean CouturierConor Garland1222627%13:04
2Miles WoodMax DomiNino Niederreiter1222625%12:23
3Tyler BertuzziDerick BrassardDustin Brown1222627%13:22
4Drake CaggiulaSean KuralyOndrej Kase1222221%10:29
5 vs 5 Defense
Line #DefenseDefensePHYDFOFWanted %Time %Time Play
1Darnell NurseJack Johnson1223637%18:12
2Oliver Ekman-LarssonJakob Chychrun1223635%17:02
3Sean WalkerDanny DeKeyser1222827%13:16
4Darnell NurseOliver Ekman-Larsson12202%0:48
Power Play Forward
Line #Left WingCenterRight WingPHYDFOFWanted %Time %Time Play
1Conor GarlandSean CouturierGustav Nyquist0055048%3:15
2Nino NiederreiterMax DomiTyler Bertuzzi0055052%3:29
Power Play Defense
Line #DefenseDefensePHYDFOFWanted %Time %Time Play
1Darnell NurseJakob Chychrun0145047%3:08
2Oliver Ekman-LarssonSean Walker0145053%3:36
Penalty Kill 4 Players Forward
Line #CenterWingPHYDFOFWanted %Time %Time Play
1Sean CouturierMiles Wood1135076%3:01
2Sean KuralyDrake Caggiula1135024%0:57
Penalty Kill 4 Players Defense
Line #DefenseDefensePHYDFOFWanted %Time %Time Play
1Darnell NurseJack Johnson1135238%1:30
2Oliver Ekman-LarssonDanny DeKeyser1134862%2:28
Penalty Kill 3 Players
Line #WingPHYDFOFWanted %Time %Time PlayDefenseDefensePHYDFOFWanted %Time %Time Play
1Sean Couturier050500%0:00 Darnell NurseJack Johnson050520%0:00
2Sean Kuraly050500%0:00 Oliver Ekman-LarssonDanny DeKeyser050480%0:00
4 vs 4 Forward
Line #CenterWingPHYDFOFWanted %Time %Time Play
1Sean CouturierConor Garland023500%0:00
2Max DomiTyler Bertuzzi023500%0:00
4 vs 4 Defense
Line #DefensePHYDFOFWanted %Time %Time Play
1Darnell NurseOliver Ekman-Larsson023500%0:00
2Jakob ChychrunSean Walker023500%0:00
Last Minutes Offensive
Left WingCenterRight WingDefenseDefense
Tyler BertuzziSean CouturierConor GarlandDarnell NurseJakob Chychrun
Last Minutes Defensive
Left WingCenterRight WingDefenseDefense
Drake CaggiulaSean CouturierSean KuralyDarnell NurseJack Johnson
Time
Total ForwardTotal DefenseLast Minutes OffensiveLast Minutes Defensive
60:00 60:00 0:000:00
Extra Forwards
Normal PowerPlayPenalty Kill
Sean Couturier, Tyler Bertuzzi, Conor GarlandDustin Brown, Derick BrassardOndrej Kase
Extra Defensemen
Normal PowerPlayPenalty Kill
Darnell Nurse, Oliver Ekman-Larsson, Jakob ChychrunSean Walker, Jakob ChychrunDarnell Nurse
Penalty Shots
Sean Couturier, Tyler Bertuzzi, Conor Garland, Nino Niederreiter, Miles Wood
Goalie
Vitek Vanecek, Calvin Petersen
Custom OT Lines Forwards
Sean Couturier, Tyler Bertuzzi, Conor Garland, Gustav Nyquist, Nino Niederreiter, Max Domi, Dustin Brown, Miles Wood, Derick Brassard, Drake Caggiula
Custom OT Lines Defensemen
Darnell Nurse, Jakob Chychrun, Oliver Ekman-Larsson, Sean Walker, Danny DeKeyser
Scratches
Zack Kassian (Healthy), Kyle Turris (Healthy), Mason Marchment (Healthy)


Play-by-Play

1st period


0:01 of 1st period - Jean-Gabriel Pageau wins face-off versus Sean Couturier in neutral zone.
0:01 of 1st period - Jean-Gabriel Pageau is hit by Darnell Nurse.
0:45 of 1st period - Icing by Kirill Kaprizov.
0:46 of 1st period - Jean-Gabriel Pageau wins face-off versus Max Domi in Ducks zone.
0:58 of 1st period - Minor Penalty to Mikhail Sergachev for Tripping.
0:59 of 1st period - Lars Eller wins face-off versus Max Domi in Ducks zone.
0:59 of 1st period - Lars Eller is hit by Nino Niederreiter.
1:20 of 1st period - Off-side.
1:21 of 1st period - Sean Couturier wins face-off versus Lars Eller in neutral zone.
1:28 of 1st period - Shot by Sean Couturier.
1:28 of 1st period - Shot Misses the Net.
1:53 of 1st period - Gustav Nyquist is hit by Jeremy Lauzon and loses puck.
2:56 of 1st period - Shot by Nino Niederreiter.
2:56 of 1st period - Shot Misses the Net.
2:58 of 1st period - Shot by Max Domi.
2:58 of 1st period - Shot Blocked by Lars Eller.
3:00 of 1st period - Shot by Sean Walker.
3:00 of 1st period - Deflect By Drake Caggiula.
3:00 of 1st period - Stopped by Tristan Jarry without a rebound.
3:01 of 1st period - Eeli Tolvanen wins face-off versus Sean Kuraly in Ducks zone.
3:01 of 1st period - Eeli Tolvanen is hit by Sean Kuraly.
3:37 of 1st period - Shot by Ondrej Kase.
3:37 of 1st period - Shot Misses the Net.
3:54 of 1st period - Joel Eriksson Ek is hit by Derick Brassard.
3:55 of 1st period - Icing by Joel Eriksson Ek.
3:56 of 1st period - Max Domi wins face-off versus Joel Eriksson Ek in Ducks zone.
4:14 of 1st period - Nino Niederreiter is hit by Thomas Chabot and loses puck.
5:11 of 1st period - Shot by Lars Eller.
5:11 of 1st period - Shot Misses the Net.
5:25 of 1st period - Shot by Lars Eller.
5:25 of 1st period - Shot Misses the Net.
6:10 of 1st period - Shot by Kirill Kaprizov.
6:10 of 1st period - Stopped by Vitek Vanecek with a rebound.
6:12 of 1st period - Shot by Jean-Gabriel Pageau.
6:12 of 1st period - Stopped by Vitek Vanecek without a rebound.
6:13 of 1st period - Chris Tierney wins face-off versus Gustav Nyquist in Red Wings zone.
6:21 of 1st period - Zach Aston-Reese is hit by Danny DeKeyser and loses puck.
7:03 of 1st period - Icing by Jeremy Lauzon.
7:04 of 1st period - Max Domi wins face-off versus Jean-Gabriel Pageau in Ducks zone.
7:19 of 1st period - Shot by Nino Niederreiter.
7:19 of 1st period - Stopped by Tristan Jarry with a rebound.
7:40 of 1st period - Off-side.
7:41 of 1st period - Lars Eller wins face-off versus Sean Kuraly in neutral zone.
7:49 of 1st period - Sean Kuraly is hit by Ondrej Palat and loses puck.
8:05 of 1st period - Ondrej Kase is hit by Lars Eller and loses puck.
8:34 of 1st period - Minor Penalty to Joel Eriksson Ek for Tripping.
8:35 of 1st period - Jean-Gabriel Pageau wins face-off versus Max Domi in Ducks zone.
8:35 of 1st period - Jean-Gabriel Pageau is hit by Tyler Bertuzzi.
8:57 of 1st period - Shot by Darnell Nurse.
8:57 of 1st period - Shot Misses the Net.
8:59 of 1st period - Shot by Nino Niederreiter.
8:59 of 1st period - Shot Misses the Net.
9:01 of 1st period - Shot by Max Domi.
9:01 of 1st period - Stopped by Tristan Jarry without a rebound.
9:02 of 1st period - Sean Couturier wins face-off versus Lars Eller in Ducks zone.
9:03 of 1st period - Shot by Sean Walker.
9:03 of 1st period - Stopped by Tristan Jarry without a rebound.
9:04 of 1st period - Conor Garland wins face-off versus Lars Eller in Ducks zone.
9:11 of 1st period - Shot by Darnell Nurse.
9:11 of 1st period - Shot Misses the Net.
9:13 of 1st period - Shot by Sean Couturier.
9:13 of 1st period - Shot Misses the Net.
9:15 of 1st period - Shot by Darnell Nurse.
9:15 of 1st period - Stopped by Tristan Jarry with a rebound.
9:17 of 1st period - Shot by Darnell Nurse.
9:17 of 1st period - Stopped by Tristan Jarry without a rebound.
9:18 of 1st period - Lars Eller wins face-off versus Max Domi in Ducks zone.
9:44 of 1st period - Icing by Oliver Ekman-Larsson.
9:45 of 1st period - Max Domi wins face-off versus Jean-Gabriel Pageau in Red Wings zone.
9:52 of 1st period - Shot by Oliver Ekman-Larsson.
9:52 of 1st period - Shot Hit the Post.
10:06 of 1st period - Shot by Max Domi.
10:06 of 1st period - Shot Hit the Post.
11:01 of 1st period - Icing by Mikhail Sergachev.
11:02 of 1st period - Joel Eriksson Ek wins face-off versus Sean Couturier in Ducks zone.
11:35 of 1st period - Shot by Gustav Nyquist.
11:35 of 1st period - Shot Misses the Net.
11:37 of 1st period - Shot by Sean Couturier.
11:37 of 1st period - Stopped by Tristan Jarry with a rebound.
11:39 of 1st period - Shot by Oliver Ekman-Larsson.
11:39 of 1st period - Shot Misses the Net.
11:41 of 1st period - Shot by Sean Couturier.
11:41 of 1st period - Shot Misses the Net.
12:15 of 1st period - Shot by Lars Eller.
12:15 of 1st period - Shot Blocked by Jack Johnson.
12:17 of 1st period - Shot by Jeremy Lauzon.
12:17 of 1st period - Stopped by Vitek Vanecek without a rebound.
12:18 of 1st period - Derick Brassard wins face-off versus Roope Hintz in Red Wings zone.
12:33 of 1st period - Shot by Jean-Gabriel Pageau.
12:33 of 1st period - Shot Blocked by Danny DeKeyser.
12:49 of 1st period - Shot by Dustin Brown.
12:49 of 1st period - Stopped by Tristan Jarry without a rebound.
12:50 of 1st period - Lars Eller wins face-off versus Max Domi in Ducks zone.
12:50 of 1st period - Lars Eller is hit by Max Domi.
13:30 of 1st period - Shot by Ondrej Palat.
13:30 of 1st period - Shot Blocked by Jack Johnson.
13:56 of 1st period - Shot by Tyler Bertuzzi.
13:56 of 1st period - Shot Misses the Net.
14:44 of 1st period - Shot by Sean Couturier.
14:44 of 1st period - Stopped by Tristan Jarry with a rebound.
14:50 of 1st period - Shot by Conor Garland.
14:50 of 1st period - Deflect By Sean Couturier.
14:50 of 1st period - Stopped by Tristan Jarry without a rebound.
14:51 of 1st period - Sean Kuraly wins face-off versus Jean-Gabriel Pageau in Ducks zone.
15:03 of 1st period - Shot by Roope Hintz.
15:03 of 1st period - Stopped by Vitek Vanecek with a rebound.
15:05 of 1st period - Shot by Thomas Chabot.
15:05 of 1st period - Stopped by Vitek Vanecek without a rebound.
15:06 of 1st period - Miles Wood wins face-off versus Chris Tierney in Red Wings zone.
15:36 of 1st period - Shot by Darnell Nurse.
15:36 of 1st period - Shot Blocked by Jeremy Lauzon.
17:53 of 1st period - Shot by Ondrej Kase.
17:53 of 1st period - Stopped by Tristan Jarry without a rebound.
17:54 of 1st period - Joel Eriksson Ek wins face-off versus Max Domi in Ducks zone.
18:01 of 1st period - Icing by Travis Konecny.
18:02 of 1st period - Sean Couturier wins face-off versus Joel Eriksson Ek in Ducks zone.
18:05 of 1st period - Shot by Conor Garland.
18:05 of 1st period - Shot Misses the Net.
18:52 of 1st period - Icing by Darnell Nurse.
18:53 of 1st period - Lars Eller wins face-off versus Sean Couturier in Red Wings zone.
19:34 of 1st period - Shot by Oliver Ekman-Larsson.
19:34 of 1st period - Shot Blocked by Thomas Chabot.
Goals for this period are 0 for Ducks vs 0 for Red Wings.
Shots for this period are 5 for Ducks vs 11 for Red Wings.

2nd period


0:01 of 2nd period - Jean-Gabriel Pageau wins face-off versus Derick Brassard in neutral zone.
0:01 of 2nd period - Kirill Kaprizov is hit by Dustin Brown and loses puck.
0:12 of 2nd period - Shot by Roope Hintz.
0:12 of 2nd period - Shot Misses the Net.
0:14 of 2nd period - Shot by Mikhail Sergachev.
0:14 of 2nd period - Goal by Mikhail Sergachev - Ducks : 1 - Red Wings : 0.
0:15 of 2nd period - Sean Kuraly wins face-off versus Lars Eller in neutral zone.
0:22 of 2nd period - Shot by Sean Kuraly.
0:22 of 2nd period - Shot Blocked by Thomas Chabot.
0:24 of 2nd period - Shot by Ondrej Kase.
0:24 of 2nd period - Stopped by Tristan Jarry without a rebound.
0:25 of 2nd period - Jean-Gabriel Pageau wins face-off versus Derick Brassard in Ducks zone.
1:23 of 2nd period - Derick Brassard is hit by Damon Severson.
1:37 of 2nd period - Icing by Ondrej Kase.
1:38 of 2nd period - Sean Kuraly wins face-off versus Joel Eriksson Ek in Red Wings zone.
1:48 of 2nd period - Icing by Jan Rutta.
1:49 of 2nd period - Joel Eriksson Ek wins face-off versus Nino Niederreiter in Ducks zone.
1:54 of 2nd period - Jan Rutta is hit by Miles Wood and loses puck.
2:02 of 2nd period - Travis Konecny is hit by Nino Niederreiter.
2:14 of 2nd period - Shot by Eeli Tolvanen.
2:14 of 2nd period - Shot Misses the Net.
2:16 of 2nd period - Shot by Jan Rutta.
2:16 of 2nd period - Shot Blocked by Jack Johnson.
2:18 of 2nd period - Shot by Jeremy Lauzon.
2:18 of 2nd period - Shot Blocked by Darnell Nurse.
2:22 of 2nd period - Shot by Joel Eriksson Ek.
2:22 of 2nd period - Shot Misses the Net.
2:24 of 2nd period - Shot by Joel Eriksson Ek.
2:24 of 2nd period - Stopped by Vitek Vanecek without a rebound.
2:25 of 2nd period - Kirill Kaprizov wins face-off versus Sean Couturier in Red Wings zone.
2:38 of 2nd period - Shot by Gustav Nyquist.
2:38 of 2nd period - Stopped by Tristan Jarry with a rebound.
2:40 of 2nd period - Shot by Gustav Nyquist.
2:40 of 2nd period - Shot Blocked by Mikhail Sergachev.
2:48 of 2nd period - Shot by Gustav Nyquist.
2:48 of 2nd period - Shot Misses the Net.
2:54 of 2nd period - Shot by Sean Couturier.
2:54 of 2nd period - Deflect By Conor Garland.
2:54 of 2nd period - Stopped by Tristan Jarry without a rebound.
2:55 of 2nd period - Sean Kuraly wins face-off versus Lars Eller in Ducks zone.
3:22 of 2nd period - Drake Caggiula is hit by Ondrej Palat and loses puck.
4:07 of 2nd period - Icing by Darnell Nurse.
4:08 of 2nd period - Sean Couturier wins face-off versus Joel Eriksson Ek in Red Wings zone.
4:08 of 2nd period - Darnell Nurse is hit by Eeli Tolvanen and loses puck.
4:16 of 2nd period - Gustav Nyquist is hit by Jan Rutta.
4:22 of 2nd period - Shot by Sean Couturier.
4:22 of 2nd period - Stopped by Tristan Jarry without a rebound.
4:23 of 2nd period - Nino Niederreiter wins face-off versus Jean-Gabriel Pageau in Ducks zone.
4:53 of 2nd period - Icing by Mikhail Sergachev.
4:54 of 2nd period - Jean-Gabriel Pageau wins face-off versus Derick Brassard in Ducks zone.
4:54 of 2nd period - Jean-Gabriel Pageau is hit by Tyler Bertuzzi.
5:01 of 2nd period - Mikhail Sergachev is hit by Tyler Bertuzzi and loses puck.
5:09 of 2nd period - Jean-Gabriel Pageau is hit by Darnell Nurse and loses puck.
5:12 of 2nd period - Shot by Jean-Gabriel Pageau.
5:12 of 2nd period - Shot Misses the Net.
5:29 of 2nd period - Darnell Nurse is hit by Ondrej Palat and loses puck.
5:36 of 2nd period - Shot by Lars Eller.
5:36 of 2nd period - Shot Misses the Net.
5:43 of 2nd period - Shot by Ondrej Palat.
5:43 of 2nd period - Deflect By Evgeni Malkin.
5:43 of 2nd period - Shot Misses the Net.
5:45 of 2nd period - Shot by Lars Eller.
5:45 of 2nd period - Stopped by Vitek Vanecek with a rebound.
5:47 of 2nd period - Shot by Lars Eller.
5:47 of 2nd period - Shot Misses the Net.
5:49 of 2nd period - Shot by Thomas Chabot.
5:49 of 2nd period - Shot Blocked by Derick Brassard.
5:51 of 2nd period - Shot by Damon Severson.
5:51 of 2nd period - Stopped by Vitek Vanecek without a rebound.
5:52 of 2nd period - Joel Eriksson Ek wins face-off versus Sean Couturier in Red Wings zone.
5:53 of 2nd period - Shot by Eeli Tolvanen.
5:53 of 2nd period - Stopped by Vitek Vanecek without a rebound.
5:54 of 2nd period - Sean Couturier wins face-off versus Joel Eriksson Ek in Red Wings zone.
6:04 of 2nd period - Travis Konecny is hit by Gustav Nyquist and loses puck.
6:29 of 2nd period - Shot by Travis Konecny.
6:29 of 2nd period - Stopped by Vitek Vanecek without a rebound.
6:30 of 2nd period - Jean-Gabriel Pageau wins face-off versus Max Domi in Red Wings zone.
6:50 of 2nd period - Kirill Kaprizov is hit by Nino Niederreiter and loses puck.
6:57 of 2nd period - Shot by Roope Hintz.
6:57 of 2nd period - Stopped by Vitek Vanecek with a rebound.
6:59 of 2nd period - Shot by Jean-Gabriel Pageau.
6:59 of 2nd period - Shot Misses the Net.
7:01 of 2nd period - Shot by Jean-Gabriel Pageau.
7:01 of 2nd period - Shot Hit the Post.
7:07 of 2nd period - Shot by Kirill Kaprizov.
7:07 of 2nd period - Stopped by Vitek Vanecek without a rebound.
7:08 of 2nd period - Lars Eller wins face-off versus Sean Kuraly in Red Wings zone.
7:08 of 2nd period - Lars Eller is hit by Oliver Ekman-Larsson.
7:15 of 2nd period - Minor Penalty to Ondrej Palat for Hooking.
7:16 of 2nd period - Sean Couturier wins face-off versus Lars Eller in Ducks zone.
7:26 of 2nd period - Icing by Darnell Nurse.
7:27 of 2nd period - Lars Eller wins face-off versus Sean Couturier in Red Wings zone.
7:30 of 2nd period - Shot by Joel Eriksson Ek.
7:30 of 2nd period - Stopped by Vitek Vanecek without a rebound.
7:31 of 2nd period - Jean-Gabriel Pageau wins face-off versus Gustav Nyquist in Red Wings zone.
8:00 of 2nd period - Shot by Sean Walker.
8:00 of 2nd period - Shot Blocked by Jan Rutta.
8:02 of 2nd period - Shot by Sean Couturier.
8:02 of 2nd period - Deflect By Gustav Nyquist.
8:02 of 2nd period - Goal by Gustav Nyquist - Ducks : 1 - Red Wings : 1.
8:03 of 2nd period - Jean-Gabriel Pageau wins face-off versus Derick Brassard in neutral zone.
9:59 of 2nd period - Shot by Lars Eller.
9:59 of 2nd period - Shot Misses the Net.
10:01 of 2nd period - Shot by Ondrej Palat.
10:01 of 2nd period - Goal by Ondrej Palat - Ducks : 2 - Red Wings : 1.
10:02 of 2nd period - Joel Eriksson Ek wins face-off versus Drake Caggiula in neutral zone.
10:07 of 2nd period - Shot by Eeli Tolvanen.
10:07 of 2nd period - Stopped by Vitek Vanecek without a rebound.
10:08 of 2nd period - Joel Eriksson Ek wins face-off versus Sean Kuraly in Red Wings zone.
10:08 of 2nd period - Eeli Tolvanen is hit by Darnell Nurse and loses puck.
10:23 of 2nd period - Shot by Travis Konecny.
10:23 of 2nd period - Deflect By Eeli Tolvanen.
10:23 of 2nd period - Shot Misses the Net.
12:29 of 2nd period - Kirill Kaprizov is hit by Oliver Ekman-Larsson and loses puck.
12:40 of 2nd period - Icing by Jean-Gabriel Pageau.
12:41 of 2nd period - Jean-Gabriel Pageau wins face-off versus Derick Brassard in Ducks zone.
12:41 of 2nd period - Jean-Gabriel Pageau is hit by Dustin Brown.
12:46 of 2nd period - Minor Penalty to Dustin Brown for Holding.
12:47 of 2nd period - Evgeni Malkin wins face-off versus Sean Couturier in Red Wings zone.
12:52 of 2nd period - Shot by Travis Konecny.
12:52 of 2nd period - Stopped by Vitek Vanecek without a rebound.
12:53 of 2nd period - Sean Couturier wins face-off versus Evgeni Malkin in Red Wings zone.
13:12 of 2nd period - Shot by Damon Severson.
13:12 of 2nd period - Stopped by Vitek Vanecek without a rebound.
13:13 of 2nd period - Jean-Gabriel Pageau wins face-off versus Sean Couturier in Red Wings zone.
14:28 of 2nd period - Shot by John Marino.
14:28 of 2nd period - Stopped by Vitek Vanecek with a rebound.
14:52 of 2nd period - Shot by Zach Aston-Reese.
14:52 of 2nd period - Shot Hit the Post.
14:55 of 2nd period - Icing by Derick Brassard.
14:56 of 2nd period - Derick Brassard wins face-off versus Chris Tierney in Red Wings zone.
15:42 of 2nd period - Off-side.
15:43 of 2nd period - Sean Kuraly wins face-off versus Lars Eller in neutral zone.
15:57 of 2nd period - Off-side.
15:58 of 2nd period - Sean Couturier wins face-off versus Jean-Gabriel Pageau in neutral zone.
16:02 of 2nd period - Oliver Ekman-Larsson is hit by Jean-Gabriel Pageau and loses puck.
17:01 of 2nd period - Mikhail Sergachev is hit by Miles Wood and loses puck.
17:25 of 2nd period - Shot by Evgeni Malkin.
17:25 of 2nd period - Deflect By Lars Eller.
17:25 of 2nd period - Shot Misses the Net.
17:41 of 2nd period - Shot by Evgeni Malkin.
17:41 of 2nd period - Shot Misses the Net.
17:53 of 2nd period - Shot by Travis Konecny.
17:53 of 2nd period - Stopped by Vitek Vanecek without a rebound.
17:54 of 2nd period - Derick Brassard wins face-off versus Joel Eriksson Ek in Red Wings zone.
18:03 of 2nd period - Shot by Dustin Brown.
18:03 of 2nd period - Shot Misses the Net.
Goals for this period are 2 for Ducks vs 1 for Red Wings.
Shots for this period are 15 for Ducks vs 5 for Red Wings.

3rd period


0:01 of 3rd period - Max Domi wins face-off versus Jean-Gabriel Pageau in neutral zone.
0:14 of 3rd period - Shot by Roope Hintz.
0:14 of 3rd period - Stopped by Vitek Vanecek without a rebound.
0:15 of 3rd period - Lars Eller wins face-off versus Sean Couturier in Red Wings zone.
0:36 of 3rd period - Shot by Ondrej Palat.
0:36 of 3rd period - Stopped by Vitek Vanecek without a rebound.
0:37 of 3rd period - Jean-Gabriel Pageau wins face-off versus Miles Wood in Red Wings zone.
0:49 of 3rd period - Minor Penalty to Mikhail Sergachev for Hooking.
0:50 of 3rd period - Sean Couturier wins face-off versus Lars Eller in Ducks zone.
0:59 of 3rd period - Shot by Sean Couturier.
0:59 of 3rd period - Shot Misses the Net.
1:01 of 3rd period - Shot by Sean Couturier.
1:01 of 3rd period - Shot Misses the Net.
1:03 of 3rd period - Shot by Darnell Nurse.
1:03 of 3rd period - Stopped by Tristan Jarry without a rebound.
1:04 of 3rd period - Jean-Gabriel Pageau wins face-off versus Max Domi in Ducks zone.
2:25 of 3rd period - Shot by Darnell Nurse.
2:25 of 3rd period - Stopped by Tristan Jarry with a rebound.
2:27 of 3rd period - Shot by Darnell Nurse.
2:27 of 3rd period - Shot Misses the Net.
2:29 of 3rd period - Shot by Conor Garland.
2:29 of 3rd period - Shot Misses the Net.
2:31 of 3rd period - Shot by Sean Couturier.
2:31 of 3rd period - Stopped by Tristan Jarry without a rebound.
2:32 of 3rd period - Lars Eller wins face-off versus Sean Couturier in Ducks zone.
3:30 of 3rd period - Evgeni Malkin is hit by Sean Walker and loses puck.
3:47 of 3rd period - Travis Konecny is hit by Danny DeKeyser and loses puck.
3:53 of 3rd period - Icing by Sean Kuraly.
3:54 of 3rd period - Sean Kuraly wins face-off versus Jean-Gabriel Pageau in Red Wings zone.
4:27 of 3rd period - Minor Penalty to Miles Wood for Roughing.
4:28 of 3rd period - Sean Couturier wins face-off versus Evgeni Malkin in Red Wings zone.
5:20 of 3rd period - Shot by Kirill Kaprizov.
5:20 of 3rd period - Stopped by Vitek Vanecek without a rebound.
5:21 of 3rd period - Jean-Gabriel Pageau wins face-off versus Sean Kuraly in Red Wings zone.
5:22 of 3rd period - Shot by Mikhail Sergachev.
5:22 of 3rd period - Stopped by Vitek Vanecek without a rebound.
5:23 of 3rd period - Sean Kuraly wins face-off versus Jean-Gabriel Pageau in Red Wings zone.
6:22 of 3rd period - Icing by Damon Severson.
6:23 of 3rd period - Sean Couturier wins face-off versus Evgeni Malkin in Ducks zone.
6:30 of 3rd period - Shot by Dustin Brown.
6:30 of 3rd period - Shot Misses the Net.
6:41 of 3rd period - Zemgus Girgensons is hit by Oliver Ekman-Larsson and loses puck.
6:47 of 3rd period - Jakob Chychrun is hit by Zach Aston-Reese and loses puck.
7:10 of 3rd period - Shot by Dustin Brown.
7:10 of 3rd period - Deflect By Tyler Bertuzzi.
7:10 of 3rd period - Shot Misses the Net.
7:24 of 3rd period - Shot by Max Domi.
7:24 of 3rd period - Shot Blocked by Jan Rutta.
7:27 of 3rd period - Miles Wood is hit by Jeremy Lauzon and loses puck.
8:16 of 3rd period - Shot by Roope Hintz.
8:16 of 3rd period - Stopped by Vitek Vanecek without a rebound.
8:17 of 3rd period - Sean Couturier wins face-off versus Jean-Gabriel Pageau in Red Wings zone.
8:24 of 3rd period - Shot by Sean Couturier.
8:24 of 3rd period - Deflect By Gustav Nyquist.
8:24 of 3rd period - Stopped by Tristan Jarry without a rebound.
8:25 of 3rd period - Sean Couturier wins face-off versus Jean-Gabriel Pageau in Ducks zone.
8:25 of 3rd period - Sean Couturier is hit by Mikhail Sergachev.
9:07 of 3rd period - Icing by Jakob Chychrun.
9:08 of 3rd period - Sean Couturier wins face-off versus Lars Eller in Red Wings zone.
9:21 of 3rd period - Damon Severson is hit by Conor Garland and loses puck.
9:45 of 3rd period - Icing by Jack Johnson.
9:46 of 3rd period - Travis Konecny wins face-off versus Derick Brassard in Red Wings zone.
10:13 of 3rd period - Shot by Derick Brassard.
10:13 of 3rd period - Stopped by Tristan Jarry without a rebound.
10:14 of 3rd period - Jean-Gabriel Pageau wins face-off versus Max Domi in Ducks zone.
10:14 of 3rd period - Jean-Gabriel Pageau is hit by Miles Wood.
10:19 of 3rd period - Icing by Kirill Kaprizov.
10:20 of 3rd period - Jean-Gabriel Pageau wins face-off versus Max Domi in Ducks zone.
10:24 of 3rd period - Icing by Kirill Kaprizov.
10:25 of 3rd period - Jean-Gabriel Pageau wins face-off versus Max Domi in Ducks zone.
10:25 of 3rd period - Jean-Gabriel Pageau is hit by Miles Wood.
10:35 of 3rd period - Shot by Kirill Kaprizov.
10:35 of 3rd period - Deflect By Roope Hintz.
10:35 of 3rd period - Shot Misses the Net.
10:53 of 3rd period - Shot by Nino Niederreiter.
10:53 of 3rd period - Stopped by Tristan Jarry without a rebound.
10:54 of 3rd period - Sean Couturier wins face-off versus Lars Eller in Ducks zone.
10:54 of 3rd period - Sean Couturier is hit by Mikhail Sergachev.
10:57 of 3rd period - Conor Garland is hit by John Marino and loses puck.
11:07 of 3rd period - Jack Johnson is hit by Mikhail Sergachev and loses puck.
11:10 of 3rd period - Shot by Sean Couturier.
11:10 of 3rd period - Stopped by Tristan Jarry without a rebound.
11:11 of 3rd period - Derick Brassard wins face-off versus Joel Eriksson Ek in Ducks zone.
11:20 of 3rd period - Shot by Dustin Brown.
11:20 of 3rd period - Shot Blocked by Joel Eriksson Ek.
11:28 of 3rd period - Shot by Joel Eriksson Ek.
11:28 of 3rd period - Shot Misses the Net.
11:30 of 3rd period - Shot by Joel Eriksson Ek.
11:30 of 3rd period - Shot Misses the Net.
11:54 of 3rd period - Travis Konecny is hit by Sean Walker and loses puck.
12:17 of 3rd period - Kirill Kaprizov is hit by Sean Walker and loses puck.
12:22 of 3rd period - Shot by Jean-Gabriel Pageau.
12:22 of 3rd period - Shot Blocked by Danny DeKeyser.
12:24 of 3rd period - Shot by Jean-Gabriel Pageau.
12:24 of 3rd period - Deflect By Roope Hintz.
12:24 of 3rd period - Shot Misses the Net.
12:26 of 3rd period - Shot by John Marino.
12:26 of 3rd period - Goal by John Marino - Ducks : 3 - Red Wings : 1.
12:27 of 3rd period - Lars Eller wins face-off versus Max Domi in neutral zone.
13:02 of 3rd period - Shot by Ondrej Palat.
13:02 of 3rd period - Stopped by Vitek Vanecek without a rebound.
13:03 of 3rd period - Jean-Gabriel Pageau wins face-off versus Sean Couturier in Red Wings zone.
13:06 of 3rd period - Shot by Mikhail Sergachev.
13:06 of 3rd period - Stopped by Vitek Vanecek without a rebound.
13:07 of 3rd period - Sean Couturier wins face-off versus Jean-Gabriel Pageau in Red Wings zone.
13:07 of 3rd period - Darnell Nurse is hit by Jean-Gabriel Pageau and loses puck.
13:19 of 3rd period - Roope Hintz is hit by Jack Johnson and loses puck.
13:33 of 3rd period - Roope Hintz is hit by Darnell Nurse.
13:39 of 3rd period - Shot by Darnell Nurse.
13:39 of 3rd period - Shot Blocked by Roope Hintz.
13:51 of 3rd period - Shot by Gustav Nyquist.
13:51 of 3rd period - Deflect By Conor Garland.
13:51 of 3rd period - Shot Misses the Net.
14:02 of 3rd period - Icing by Darnell Nurse.
14:03 of 3rd period - Sean Couturier wins face-off versus Ondrej Palat in Red Wings zone.
14:29 of 3rd period - Shot by Evgeni Malkin.
14:29 of 3rd period - Shot Misses the Net.
14:31 of 3rd period - Shot by Lars Eller.
14:31 of 3rd period - Shot Misses the Net.
14:33 of 3rd period - Shot by Lars Eller.
14:33 of 3rd period - Shot Misses the Net.
14:41 of 3rd period - Shot by Lars Eller.
14:41 of 3rd period - Stopped by Vitek Vanecek without a rebound.
14:42 of 3rd period - Max Domi wins face-off versus Travis Konecny in Red Wings zone.
14:42 of 3rd period - Jakob Chychrun is hit by Travis Konecny and loses puck.
15:05 of 3rd period - Shot by Max Domi.
15:05 of 3rd period - Stopped by Tristan Jarry with a rebound.
15:11 of 3rd period - Shot by Joel Eriksson Ek.
15:11 of 3rd period - Shot Blocked by Max Domi.
15:48 of 3rd period - Shot by Jean-Gabriel Pageau.
15:48 of 3rd period - Stopped by Vitek Vanecek without a rebound.
15:49 of 3rd period - Lars Eller wins face-off versus Sean Kuraly in Red Wings zone.
16:06 of 3rd period - Shot by Lars Eller.
16:06 of 3rd period - Shot Misses the Net.
16:26 of 3rd period - Shot by Drake Caggiula.
16:26 of 3rd period - Stopped by Tristan Jarry without a rebound.
16:27 of 3rd period - Jean-Gabriel Pageau wins face-off versus Derick Brassard in Ducks zone.
16:32 of 3rd period - Shot by Dustin Brown.
16:32 of 3rd period - Shot Hit the Post.
17:45 of 3rd period - Shot by Joel Eriksson Ek.
17:45 of 3rd period - Shot Misses the Net.
17:57 of 3rd period - Shot by Eeli Tolvanen.
17:57 of 3rd period - Shot Misses the Net.
17:59 of 3rd period - Shot by Eeli Tolvanen.
17:59 of 3rd period - Stopped by Vitek Vanecek without a rebound.
18:00 of 3rd period - Lars Eller wins face-off versus Sean Kuraly in Red Wings zone.
18:09 of 3rd period - Shot by Lars Eller.
18:09 of 3rd period - Stopped by Vitek Vanecek without a rebound.
18:10 of 3rd period - Lars Eller wins face-off versus Max Domi in Red Wings zone.
18:17 of 3rd period - Shot by Jeremy Lauzon.
18:17 of 3rd period - Shot Misses the Net.
18:19 of 3rd period - Shot by Jeremy Lauzon.
18:19 of 3rd period - Shot Misses the Net.
18:21 of 3rd period - Shot by Ondrej Palat.
18:21 of 3rd period - Shot Misses the Net.
18:23 of 3rd period - Shot by Ondrej Palat.
18:23 of 3rd period - Stopped by Vitek Vanecek without a rebound.
18:24 of 3rd period - Joel Eriksson Ek wins face-off versus Sean Kuraly in Red Wings zone.
18:29 of 3rd period - Shot by Joel Eriksson Ek.
18:29 of 3rd period - Shot Misses the Net.
18:43 of 3rd period - Shot by Drake Caggiula.
18:43 of 3rd period - Shot Misses the Net.
19:18 of 3rd period - Thomas Chabot is hit by Oliver Ekman-Larsson.
Goals for this period are 1 for Ducks vs 0 for Red Wings.
Shots for this period are 13 for Ducks vs 9 for Red Wings.